 Seeded DCSS version 0.30.1-9-gdf580d7c3d (webtiles) character file.

Game seed: 9106806156630997546 (custom seed)

107 Psyclone the Conjurer (level 4, -4/24 HPs)
             Began as a Deep Elf Conjurer on Oct 9, 2023.
             Was an Initiate of Gozag.
             Slain by an orc warrior
             ... wielding a +0 trident
              (9 damage)
             ... on level 6 of the Dungeon.
             The game lasted 00:01:05 (894 turns).

Psyclone the Conjurer (Deep Elf Conjurer)            Turns: 894, Time: 00:01:06

Health: -4/24      AC:  2    Str:  4    XL:     4   Next: 56%
Magic:  10/10      EV: 12    Int: 25    God:    Gozag
Gold:   11         SH:  0    Dex: 13    Spells: 3/9 levels left

rFire   . . .        (no weapon)
rCold   . . .        (no shield)
rNeg    . . .        a - +0 robe
rPois   .            (no helmet)
rElec   .            (no cloak)
rCorr   .            (no gloves)
SInv    .            (no boots)
Will    .....        (no amulet)
Stlth   ++           (no ring)
HPRegen 0.24/turn    (no ring)
MPRegen 0.12/turn

%: no passive effects
@: no status effects
A: no striking features
a: Renounce Religion, Potion Petition, Call Merchant, Bribe Branch


You were on level 6 of the Dungeon.
You worshipped Gozag.
Gozag was noncommittal.
You visited 2 branches of the dungeon, and saw 7 of its levels.

You collected 98 gold pieces.
You paid 87 gold pieces to Gozag.

Inventory:

Armour
 a - a +0 robe (worn)
Potions
 b - a potion of magic
 c - a potion of haste {unknown}
 d - a potion of degeneration {unknown}


   Skills:
 - Level 2.4 Dodging
 - Level 2.4 Stealth
 - Level 3.0 Spellcasting
 + Level 6.6 Conjurations


You had 3 spell levels left.
You knew the following spells:

 Your Spells              Type           Power      Damage    Failure   Level
a - Magic Dart            Conj           100%       1d8       1%          1
b - Searing Ray           Conj           74%        2d7       1%          2
c - Dazzling Flash        Conj/Hex       40%        N/A       8%          3

Your spell library contained the following spells:

 Spells                   Type           Power      Damage    Failure   Level
 Fulminant Prism          Conj/Hex       10%        3d9       26%         4
 Iskenderun's Mystic Bla  Conj/Tloc      20%        2d6       26%         4


Dungeon Overview and Level Annotations

Branches:
Dungeon (6/15) Zot: 26613  Temple (1/1) D:5 Zot: 5977

Altars:
Dithmenos
Gozag
Hepliaklqana
Okawaru
Qazlal
Ru
Sif Muna
Trog
Uskayaw
Wu Jian
Xom
Yredelemnul

Annotations:
D:3 Natasha


Message History

You can't go down here!
Casting: Searing Ray (safe; 1% risk of failure)
Confirm with . or Enter, or press ? or * to list all spells.
You can't see any susceptible monsters within range! (Use Z to cast anyway.)
You start waiting.
Done waiting.
You start waiting.
Done waiting.
Found an escape hatch in the floor.
Casting: Searing Ray (safe; 1% risk of failure)
Confirm with . or Enter, or press ? or * to list all spells.
You can't see any susceptible monsters within range! (Use Z to cast anyway.) Unknown command.
Casting: Searing Ray (safe; 1% risk of failure)
Confirm with . or Enter, or press ? or * to list all spells.
You can't see any susceptible monsters within range! (Use Z to cast anyway.)
An orc comes into view. It is wielding a +0 dagger.
An orc warrior comes into view. It is wielding a +0 trident.
The orc warrior shouts!
You hear a bellow!
The orc shouts!
Found 13 gold pieces.
This spell is quite dangerous to cast!
Memorise Dazzling Flash, consuming 3 spell levels and leaving 3?
You start memorising the spell.
You continue memorising. x3
The orc warrior misses you.
You finish memorising.
Spell assigned to 'c'.
You can't go down here!
You can't go down here!
The orc warrior completely misses you.
The orc priest shouts!
The orc hits you with a +0 dagger.
The orc warrior hits you from afar with a +0 trident.
The orc warrior hits you with a +0 trident!
Ouch! That really hurt!
* * * LOW HITPOINT WARNING * * *
The orc hits you but does no damage.
The orc priest looks braver for a moment.
The orc warrior hits you with a +0 trident!
You die...
Your body crumbles into a pile of gold.

..# ##.. ..... #...
## .. .....# ... .#
... $ .....o.#.. .#
#... ........#.#
.##..# ....>.....#
##..$..#
.......##.####....#
................#
.....#...o..o@##
.....#..###.o..##.
. #...#####..#.
#....####...#
#....#.##...# $
##.......#.$...
#........#.###..
#....##.....!..##..
##... ##........###


You could see an orc warrior, an orc priest and an orc.

Vanquished Creatures
  A bullfrog (D:6)
  2 adders (D:5)
  2 dart slugs
  3 orcs (D:5)
  A bat (D:1)
  An endoplasm (D:4)
  A hobgoblin (D:4)
  3 jackals
  A kobold (D:4)
15 creatures vanquished.

Notes
Turn   | Place    | Note
-------+----------+-------------------------------------------
     0 | D:1      | Psyclone the Deep Elf Conjurer began the quest for the Orb.
     0 | D:1      | Reached XP level 1. HP: 10/10 MP: 6/6
    28 | D:2      | Found a stormy altar of Qazlal.
   142 | D:2      | Reached XP level 2. HP: 15/15 MP: 5/8
   205 | D:2      | Learned a level 2 spell: Searing Ray
   206 | D:3      | Noticed Natasha
   229 | D:4      | Reached skill level 5 in Conjurations
   311 | D:5      | Entered Level 5 of the Dungeon
   382 | D:5      | Reached XP level 3. HP: 19/19 MP: 4/9
   462 | D:5      | Found a staircase to the Ecumenical Temple.
   466 | D:5      | Noticed a scorpion
   470 | Temple   | Entered the Ecumenical Temple
   481 | Temple   | Became a worshipper of Gozag Ym Sagoz the Greedy
   492 | D:5      | Noticed a yak
   493 | D:5      | Noticed a yak
   508 | D:6      | Noticed a bullfrog
   513 | D:6      | Killed a bullfrog
   514 | D:6      | Reached skill level 6 in Conjurations
   514 | D:6      | Reached XP level 4. HP: 3/24 MP: 2/10
   877 | D:6      | Noticed an orc warrior
   891 | D:6      | Learned a level 3 spell: Dazzling Flash
   894 | D:6      | Slain by an orc warrior

Illustrated notes

Levels and vault maps discovered:
D:1:      onia_arrival_mini_spirals, layout_loops_ring, serial_shops, shop
D:2:      layout_rooms, basic_altar, reono_crystal_passage, minmay_tetromino_l2,
          uniq_robin, uniq_jessica, uniq_crazy_yiuf_cottage
D:3:      layout_loops_ring, uniq_sigmund, uniq_natasha
D:4:      layout_rooms, ebering_ghost_sewer_d, nicolae_take_the_stairs,
          grunt_ministairs_6, ebering_dispersal_statue_hall,
          minmay_ogre_servants
D:5:      nicolae_cairo_tiling_large, layout_basic, slow_altar_2,
          minmay_temple_entry_junction_2, portal_sewer_entry_b
D:6:      layout_cave_pools
Temple:   nicolae_temple_bog_church

Skill      XL: |  1  2  3 |
---------------+----------+-----
Conjurations   | 5 6 |  6.6
Dodging        | |  2.4
Stealth        | |  2.4
Spellcasting   | |  3.0

Action                     |  1- 3 |  4- 6 || total
---------------------------+-------+-------++-------
   Cast: Magic Dart        |    21 |       ||    21
         Searing Ray       |     4 |       ||     4
 Armour: Robe              |     1 |     1 ||     2
  Dodge: Dodged            |    12 |     2 ||    14
